 Dungeon Crawl Stone Soup version 0.28-a0-479-g5baa6b73be (webtiles) character file.

Game seed: 3526662238613486100

60 tatocazan the Skirmisher (level 3, 0/27 (29) HPs)
             Began as a Demonspawn Fighter on Sept 18, 2021.
             Was an Initiate of Makhleb.
             Slain by a gnoll (4 damage)
             ... on level 2 of the Dungeon.
             The game lasted 00:01:52 (1589 turns).

tatocazan the Skirmisher (Demonspawn Fighter)       Turns: 1589, Time: 00:01:53

HP:   0/27 (29)     AC:  9    Str: 14 (17) XL:     3   Next: 82%
MP:   3/3           EV:  8    Int:  6 (9)  God:    Makhleb [......]
Gold: 113           SH:  4    Dex:  9 (12) Spells: 2/2 levels left

rFire   . . .      SeeInvis .   a - +0 war axe
rCold   . . .      Faith    .   c - +0 buckler
rNeg    . . .      Spirit   .   b - +0 scale mail
rPois   .          Reflect  .   (no helmet)
rElec   .          Harm     .   (no cloak)
rCorr   .          Rampage  .   (no gloves)
Will    .....                   m - +0 pair of boots
Stlth   ..........              (no amulet)
HPRegen 0.09/turn               (no ring)
MPRegen 0.08/turn               (no ring)

@: flying, drained
A: sharp scales 2
a: Renounce Religion


You were on level 2 of the Dungeon.
You worshipped Makhleb.
Makhleb was noncommittal.
You visited 1 branch of the dungeon, and saw 2 of its levels.

You collected 113 gold pieces.

Inventory:

Hand Weapons
 a - a +0 war axe (weapon)
Armour
 b - a +0 scale mail (worn)
 c - a +0 buckler (worn)
 m - a +0 pair of boots (worn)
Scrolls
 g - a scroll of noise {unknown}
 i - a scroll of identify {unknown}
 j - a scroll of vulnerability {unknown}
 k - a scroll of immolation {unknown}
 l - a scroll of teleportation {unknown}
 n - a scroll of amnesia {unknown}
Potions
 d - a potion of might
 e - a potion of degeneration
 h - a potion of heal wounds {unknown}


   Skills:
 + Level 3.4 Fighting
 * Level 2.5 Axes
 + Level 3.1 Armour
 + Level 3.1 Shields
 + Level 0.7 Invocations


You had 2 spell levels left.
You didn't know any spells.
Your spell library was empty.

Dungeon Overview and Level Annotations

Branches:
Dungeon (2/15)

Altars:
Makhleb


Innate Abilities, Weirdness & Mutations

You are mostly covered in razor-sharp scales. (AC +2, Slay +2)


Message History

Things that are here:
a +2 mace of draining; a +0 scale mail; the human corpse of Terence Key pressed, stopping explore.
Key pressed, stopping explore.
Key pressed, stopping explore.
A gnoll comes into view. It is wielding a +0 flail.
The gnoll shouts!
You hear a shout!
You hear an angry hiss.
You closely miss the gnoll. The gnoll hits you with a +0 flail!
The gnoll hits you with a +0 flail.
You take 13 damage, and have 14/27 hp.
MASSIVE DAMAGE!!
You are too injured to fight recklessly!
You are too injured to fight recklessly!
You are too injured to fight recklessly!
You are too injured to fight recklessly!
Your scale mail prevents you from hitting the gnoll.
The gnoll hits you with a +0 flail.
You take 2 damage, and have 12/27 hp.
You hit the gnoll.
The gnoll is lightly wounded.
The gnoll barely misses you.
The gnoll shouts!
You slash the gnoll!
The gnoll is almost dead.
The gnoll barely misses you. The gnoll hits you but does no damage.
You completely miss the gnoll.
The gnoll is almost dead.
A ball python comes into view.
The gnoll hits you with a +0 flail!
* * * LOW HITPOINT WARNING * * *
You take 9 damage, and have 4/27 hp.
MASSIVE DAMAGE!!
It was a potion of degeneration.
There was something very wrong with that liquid.
You feel weakened.
You feel dopey.
You feel clumsy. You block the gnoll's attack.
It was a potion of flight.
You feel very buoyant.
You fly up into the air.
A rat comes into view.
The gnoll hits you with a +0 flail.
You die...

#.## #... #..# ...#
#..## #... ### ###
r#######.########.# #.#
...Sggg@..........####.#
.############...........
#..#######.#
#..#######.#
#..........# ...
#.#######..# #.# #.#
#... #.# #######.####
#.## #.# #...)......#
#.#


You could see 3 gnolls, a ball python and a rat (wandering).

Vanquished Creatures
  Terence (D:2)
  An adder (D:2)
  2 dart slugs
  5 ball pythons (D:1)
  A giant cockroach (D:1)
  3 goblins (D:1)
  3 hobgoblins
  A bat (D:1)
  3 frilled lizards (D:1)
  4 kobolds
  2 rats (D:1)
26 creatures vanquished.

Notes
Turn   | Place    | Note
-------+----------+-------------------------------------------
     0 | D:1      | tatocazan the Demonspawn Fighter began the quest for the
                  | Orb.
     0 | D:1      | Reached XP level 1. HP: 18/18 MP: 1/1
   275 | D:1      | Gained mutation: You are partially covered in razor-sharp
                  | scales. (AC +1, Slay +1) [demonic ancestry]
   275 | D:1      | Reached XP level 2. HP: 24/24 MP: 2/2
  1068 | D:2      | Found a burning altar of Makhleb.
  1128 | D:2      | Gained mutation: You are mostly covered in razor-sharp
                  | scales. (AC +2, Slay +2) [demonic ancestry]
  1128 | D:2      | Reached XP level 3. HP: 25/29 MP: 3/3
  1159 | D:2      | Became a worshipper of Makhleb the Destroyer
  1307 | D:2      | Noticed Terence
  1314 | D:2      | Killed Terence
  1589 | D:2      | Slain by a gnoll

Illustrated notes

Levels and vault maps discovered:
D:1:      dpeg_arrival_pits, layout_basic, minmay_quantized
D:2:      layout_loops_ring, shapermc_ecumenical_altar_pompeii, basic_altar,
          uniq_terence

Skill      XL: |  1  2 |
---------------+-------+-----
Axes           | 2 |  2.5
Armour         | 3 |  3.1
Shields        | 3 |  3.1
Fighting       | |  3.4
Invocations    | |  0.7

Action                   || total
-------------------------++-------
Melee: War axe           ||    85
  Use: Potion            ||     2
Armor: Scale mail        ||    25
Dodge: Dodged            ||    40
Block: Buckler           ||    17

Table legend: (Time is in decaauts)
 A = Elapsed time spent in this place.
 B = Non-inter-level travel time spent in this place.
 C = Inter-level travel time spent in this place.
 D = Time resting spent in this place.
 E = Time spent auto-exploring this place.
 F = Levels seen in this place.
 G = Mean time per level.
                   A        B        C        D        E       F      G
               +--------+--------+--------+--------+--------+-----+--------+
         Total |   1624 |   1585 |     39 |    279 |   1026 |   2 |  812.0 |
       Dungeon |   1624 |   1585 |     39 |    279 |   1026 |   2 |  812.0 |
               +--------+--------+--------+--------+--------+-----+--------+

Top non-repeatable levels by time:
     D:1: 975 daAuts
     D:2: 648 daAuts
